 Dungeon Crawl Stone Soup version 0.19.5 (webtiles) character file.

1830632 GordonOverkill the Conqueror (level 27, 273/273 HPs)
             Began as a Minotaur Warper on May 25, 2017.
             Was the Champion of Makhleb.
             Escaped with the Orb
             ... and 3 runes!
             The game lasted 03:15:45 (61996 turns).

GordonOverkill the Conqueror (Minotaur Warper)     Turns: 61996, Time: 03:15:46

Health: 273/273    AC: 50    Str: 22    XL:     27
Magic:  11/11      EV: 23    Int: 12    God:    Makhleb [******]
Gold:   4811       SH:  6    Dex: 16    Spells: 3 memorised, 23 levels left

rFire  + + +     SeeInvis +     b - +8 broad axe (antimagic)
rCold  + + .     Gourm    .     S - +10 gold dragon scales
rNeg   . . .     Faith    .     F - +0 buckler "Linucso" {*Contam MR+ Slay+4}
rPois  +         Spirit   .     m - +3 crown of Dyrovepreva {rElec Int+2 SInv}
rElec  +         Reflect  .     y - +2 cloak {MR+}
rCorr  .         Harm     .     D - +1 pair of gloves "Huis" {+Inv rC+}
MR     ++++.                    k - +1 pair of boots of Pudaz {Regen+ Dex+2}
Stlth  ..........               p - amulet of regeneration
                                J - +4 ring of evasion
                                P - ring "Rasoosch" {Wiz rF+++ Str-3}

@: very slightly contaminated
A: retaliatory headbutt, horns 2, no device heal 1
a: Minor Destruction, Lesser Servant of Makhleb, Major Destruction, Greater
Servant of Makhleb, Renounce Religion, Evoke Invisibility
0: Orb of Zot
}: 3/15 runes: barnacled, silver, gossamer


You escaped.
You worshipped Makhleb.
Makhleb was exalted by your worship.
You were full.

You visited 10 branches of the dungeon, and saw 50 of its levels.
You visited the Abyss 1 time.
You also visited: Trove and Sewer.

You collected 10011 gold pieces.
You spent 5200 gold pieces at shops.

Inventory:

Hand Weapons
 a - a +9 broad axe of chopping
 b - a +8 antimagic broad axe (weapon)
 w - a +4 broad axe of flaming
Missiles
 N - 7 throwing nets (quivered)
Armour
 k - the +1 pair of boots of Pudaz (worn) {Regen+ Dex+2}
   (You found it on level 4 of the Depths)

   It affects your dexterity (+2).
   It increases your rate of regeneration.
 m - the +3 crown of Dyrovepreva (worn) {rElec Int+2 SInv}
   (You found it on level 4 of the Depths)

   It affects your intelligence (+2).
   It insulates you from electricity.
   It lets you see invisible.
 y - a +2 cloak of magic resistance (worn)
 D - the +1 pair of gloves "Huis" (worn) {+Inv rC+}
   (You found it on level 4 of the Depths)

   It protects you from cold.
   It lets you turn invisible.
 E - the +4 dragonskin cloak
   (You took it off Tiamat on level 1 of the Realm of Zot)
 F - the +0 buckler "Linucso" (worn) {*Contam MR+ Slay+4}
   (You bought it in a shop on level 9 of the Dungeon)

   It affects your accuracy and damage with ranged weapons and melee attacks
   (+4).
   It affects your resistance to hostile enchantments.
   It causes magical contamination when unequipped.
 S - +10 gold dragon scales (worn)
Rods
 U - a +3 rod of shadows (12/12)
   (You found it on level 3 of the Realm of Zot)
Jewellery
 p - an amulet of regeneration (around neck)
 B - an uncursed ring of protection from cold
 J - a +4 ring of evasion (right hand)
 P - the ring "Rasoosch" (left hand) {Wiz rF+++ Str-3}
   (You found it on level 3 of the Elven Halls)

   [ring of wizardry]

   It improves your spell success rate.
   It affects your strength (-3).
   It renders you almost immune to fire.
Wands
 h - a wand of hasting (8/9)
 j - a wand of hasting (5/9)
 l - a wand of teleportation (8/9)
 o - a wand of paralysis (13/24)
 u - a wand of digging (3/24)
 G - a wand of heal wounds (6/9)
 W - a wand of disintegration (12/24)
Scrolls
 c - 9 scrolls of fog
 g - 2 scrolls of blinking
 i - 15 scrolls of teleportation
 x - a scroll of brand weapon
 z - 7 scrolls of fear
 I - 7 scrolls of summoning
 O - 10 scrolls of magic mapping
 Q - 15 scrolls of recharging
 R - 19 scrolls of remove curse
 Y - 8 scrolls of identify
Potions
 e - a potion of invisibility
 n - 7 potions of flight
 q - 10 potions of ambrosia
 r - 4 potions of cancellation
 s - 13 potions of curing
 v - 6 potions of agility
 C - 2 potions of might
 L - 2 potions of haste
 M - 4 potions of resistance
 Z - 2 potions of berserk rage
Comestibles
 f - 31 bread rations
 H - 16 meat rations


   Skills:
 O Level 27 Fighting
 - Level 22.0 Axes
 - Level 1.0 Throwing
 O Level 27 Armour
 + Level 24.8 Dodging
 - Level 1.0 Stealth
 - Level 9.0 Shields
 - Level 1.3 Spellcasting
 - Level 2.1 Translocations
 - Level 12.0 Invocations
 - Level 16.2 Evocations


You had 23 spell levels left.
You knew the following spells:

 Your Spells              Type           Power        Failure   Level  Hunger
a - Blink                 Tloc           N/A          77%         2    ###....
b - Animate Skeleton      Necr           N/A          94%         1    ##.....
c - Passwall              Tmut/Erth      #.........   98%         2    ###....


Dungeon Overview and Level Annotations

Branches:
Dungeon (15/15)            Temple (0/1) D:4            Lair (6/6) D:11
 Shoals (4/4) Lair:3       Spider (4/4) Lair:4        Slime (0/5) Lair:5
    Orc (2/2) D:12            Elf (3/3) Orc:2        Vaults (5/5) D:14
  Crypt (0/3) Vaults:2     Depths (5/5) D:15           Hell (1/1)
    Zot (5/5) Depths:5
    Dis: Hell:1         Geh: Hell:1         Coc: Hell:1         Tar: Hell:1

Altars:
Fedhas
Gozag
Kikubaaqudgha
Makhleb
Nemelex Xobeh
Okawaru
Ru
Sif Muna
Trog
Vehumet
Xom
Yredelemnul
Zin
The Shining One
Jiyva

Shops:
D:9 :[(!   D:15 (   Orc:2 =(%!   Elf:2 %   Elf:3 :   Vaults:1 [*   Vaults:3 :
Depths:1 ==}   Depths:3 }!?*(

Portals:
Hell: Depths:1 Depths:2 Depths:3 Depths:4 Depths:5
Abyss: Depths:2 Depths:4
Pandemonium: Depths:3
Ziggurat: Depths:3

Annotations:
Depths:5 1 runed door
Hell Geryon


Innate Abilities, Weirdness & Mutations

You reflexively headbutt those who attack you in melee.
You have a pair of horns on your head.
Potions and wands are less effective at restoring your health.


Message History

You slash the ynoxinul!
You kill the ynoxinul!
Makhleb accepts your kill.
You feel better.
You hit the Hell Sentinel.
The Hell Sentinel's magic leaks into the air.
You slice the Hell Sentinel!!
The Hell Sentinel's magic leaks into the air.
You headbutt the Hell Sentinel, but do no damage.
The Hell Sentinel is almost dead.
The Hell Sentinel misses you. The Hell Sentinel barely misses you.
You slice the Hell Sentinel!!
The Hell Sentinel's magic leaks into the air.
You headbutt the Hell Sentinel.
You kill the Hell Sentinel!
Makhleb accepts your kill.
No target in view!
No target in view!
There is an open door here.
There is a staircase leading out of the dungeon here.
You have escaped!

#....#####.###.##..###.....#..
#....#...#.....###[..#.....#..
#...##.#.#####.#####.##....#..
#..'#..#.....#..####.##'...#..
#..#..######.##.#......#...#..
#.#####...##.#..#.#######..#..
#.#...#.#.##'#'##.#...# #...#.
#.#.#.#.#.##...##.#.#.###.#.#)
#.'.#.#.#..).@.'..#.#.#.'.#[#.
#.###.#.#.##...##.#.#.#.#.#.#.
#.# #...#.##'#+##.#.#...#.#...
#.#######.#..#.##...#####.##..
#..#......#.##.######..#..##..
#..+##.####..#..(..#..#'..###.
#...##.#####.#.###.#.##...# #.
#....#...###.#...#...#....# #.
#....###..##.###.#####....# #.


There were no monsters in sight!

Vanquished Creatures
  Tiamat (Zot:1)
  2 ancient liches
  4 orbs of fire (Zot:5)
  The ghost of Azzok the Merry Centaur, a legendary CeFi of Okawaru (Zot:5)
  The ghost of raetorn the Executioner, a veteran DDFi of Makhleb (Zot:3)
  2 curse toes
  4 Killer Klowns (Zot:5)
  18 golden dragons
  Nikola (Shoals:3)
  3 bone dragons
  2 pandemonium lords
  A Brimstone Fiend (Depths:3)
  An electric golem (Zot:5)
  17 tentacled monstrosities
  Rupert (Orc:1)
  A Hell Sentinel (D:1)
  An Ice Fiend (D:12)
  28 Orb Guardians
  6 quicksilver dragons
  2 liches
  5 titans
  4 deep elf master archers
  6 deep elf blademasters
  7 death cobs
  An Executioner (D:4)
  Polyphemus (Shoals:4)
  Kirke (Shoals:3)
  2 sphinxes
  5 tengu reavers
  13 storm dragons
  12 shadow dragons
  Roxanne (Shoals:1)
  A draconian monk (Zot:1)
  The ghost of Whitewater the Bludgeoner, a journeyman MiBe of Trog (Depths:1)
  7 fire giants
  6 ghost moths
  12 vault wardens
  6 deep elf sorcerers
  5 orc warlords
  5 draconian scorchers
  10 frost giants
  3 emperor scorpions (Spider:4)
  3 draconian zealots
  2 draconian knights
  2 deep elf elementalists
  5 draconian shifters
  4 war gargoyles
  21 ironheart preservers
  An angel (D:12)
  2 draconian callers (Depths:5)
  34 very ugly things
  3 draconian annihilators
  28 stone giants
  An entropy weaver (Vaults:5)
  7 deep elf demonologists
  12 black draconians
  9 deep elf annihilators
  The ghost of Chifra the Fighter, a journeyman DsFi of Kikubaaqudgha (Lair:4)
  13 purple draconians
  11 red draconians
  11 yellow draconians
  13 green draconians
  7 mottled draconians
  8 white draconians
  11 spark wasps
  10 deep elf death magi
  18 ettins
  9 merfolk impalers
  8 deep elf high priests
  3 merfolk javelineers
  19 ogre magi
  10 great orbs of eyes
  3 jiangshi (Depths:4)
  Erolcha (D:9)
  6 rakshasas
  2 monstrous demonspawn (Zot:1)
  25 yaktaur captains
  22 fire dragons
  7 hydras
  31 vault guards
  A spriggan air mage (Depths:2)
  A catoblepas (Shoals:4)
  6 merfolk aquamancers (Shoals:4)
  6 merfolk avatars
  9 ice dragons
  5 death knights
  13 centaur warriors
  22 dancing weapons
  An alligator snapping turtle (Shoals:4)
  2 vampire magi
  6 tengu warriors
  4 satyrs (Shoals:4)
  7 death yaks
  12 deep troll shamans
  2 thrashing horrors (Abyss:4)
  A titan zombie (Vaults:5)
  21 deep troll earth magi
  Urug (Lair:3)
  3 orc high priests (Orc:2)
  4 spriggan berserkers
  A sun demon (Depths:3)
  A soul eater (Zot:1)
  5 shadow wraiths
  A titan skeleton (Vaults:5)
  21 deep elf knights
  2 sixfirhies
  4 iron trolls
  A wretched star (Abyss:4)
  2 salamander mystics (Depths:4)
  13 hell knights (Depths:4)
  2 fire crabs (shapeshifter)
  16 skeletal warriors
  10 sea snakes
  A spatial maelstrom (Abyss:4)
  4 unseen horrors
  A cherub (D:11)
  A storm dragon skeleton (Depths:4)
  An unseen horror (shapeshifter) (Elf:2)
  A swamp dragon (Zot:2)
  54 deep trolls
  6 flayed ghosts
  8 glowing orange brains
  A golden dragon skeleton (Depths:4)
  3 lindwurms
  3 wizards
  13 ironbrand convokers
  19 orc knights
  2 obsidian statues (Zot:5)
  13 orb spiders
  16 deep elf archers
  51 deep elf magi
  16 harpies
  4 hill giants
  6 phantasmal warriors
  Pikel (D:8)
  An anaconda skeleton (Abyss:4)
  5 necromancers
  27 wolf spiders
  A tengu skeleton (Vaults:2)
  17 fauns
  A sphinx zombie (Depths:4)
  12 manticores
  12 orc sorcerers
  9 cyclopes
  69 ugly things
  An oklob plant (D:11)
  30 moths of wrath
  An orb spider (shapeshifter) (Vaults:5)
  20 starcursed masses (Abyss:4)
  24 slime creatures
  3 salamanders (Depths:4)
  11 large abominations
  Joseph (D:8)
  19 vault sentinels
  2 frost giant skeletons
  A stone giant skeleton (Vaults:2)
  4 black mambas
  6 rust devils
  9 sirens
  2 gargoyles
  2 orange demons
  7 torpor snails
  6 smoke demons
  4 water nymphs
  9 spiny frogs
  2 naga magi (Depths:4)
  A spriggan skeleton (Depths:4)
  2 hellions
  3 rime drakes (Lair:6)
  13 freezing wraiths
  78 yaktaurs
  A yaktaur zombie (Vaults:5)
  An ancient zyme (Abyss:4)
  11 demonic crawlers
  6 tengu conjurers
  8 komodo dragons
  An efreet (Abyss:4)
  3 hellwings
  2 yaktaur skeletons
  3 ice devils
  4 red devils
  3 trolls (shapeshifter)
  28 jumping spiders
  A jumping spider (shapeshifter) (Vaults:2)
  30 merfolk
  3 meliai (D:13)
  A wind drake (shapeshifter) (Vaults:1)
  7 trolls
  A queen bee (D:13)
  Grinder (D:4)
  3 tyrant leeches (Lair:6)
  4 raiju (Abyss:4)
  26 two-headed ogres
  Prince Ribbit (D:6)
  6 wind drakes
  A blink frog (shapeshifter) (Abyss:4)
  15 hornets
  13 blink frogs
  A human simulacrum (Vaults:1)
  2 frost giant simulacra (Vaults:3)
  10 snapping turtles
  8 dream sheep
  12 hippogriffs
  A meliai zombie (D:13)
  2 shadows
  17 water elementals
  Sigmund (D:4)
  23 tarantellas
  A tarantella (shapeshifter) (Vaults:2)
  An elf zombie (Depths:4)
  26 yaks
  68 redbacks
  An ettin skeleton (Vaults:2)
  A vampire (D:15)
  2 ynoxinuls
  2 air elementals
  2 steam dragons
  4 fire elementals
  2 hogs (Shoals:3)
  18 humans (D:14)
  7 wraiths
  A wyvern (D:11)
  A hungry ghost (D:13)
  The ghost of turnburgler the Skirmisher, an amateur DsAK of Lugonu (D:3)
  3 chaos spawn
  4 basilisks
  4 neqoxecs
  A deep troll zombie (Vaults:3)
  A spatial vortex (Abyss:4)
  3 mottled dragons
  8 vampire mosquitoes (D:15)
  2 wargs
  A swamp worm (shapeshifter) (Depths:3)
  14 water moccasins
  11 porcupines
  3 floating eyes
  A floating eye (shapeshifter) (Depths:1)
  A hell hound (shapeshifter) (Vaults:3)
  Duvessa (D:7)
  A swamp drake (Lair:6)
  9 small abominations
  30 orc warriors
  4 slaves (D:8)
  2 black bears (shapeshifter)
  2 black bears
  3 eyes of draining (shapeshifter)
  4 ice beasts
  6 sky beasts
  67 ogres
  An eye of draining (D:13)
  9 necrophages
  11 boggarts
  A phantom (D:5)
  8 wolves (Lair:4)
  24 centaurs
  An orc skeleton (Vaults:2)
  6 crocodiles
  2 big kobolds (Sewer)
  8 bullfrogs
  3 earth elementals
  A gnoll sergeant (D:8)
  2 wyvern zombies
  3 human skeletons
  Dowan (D:7)
  3 scorpions
  16 killer bees
  12 wights
  5 howler monkeys
  2 electric eels
  7 crimson imps
  3 jellies
  A quasit (Sewer)
  3 bullfrog zombies
  5 hounds
  A jelly (shapeshifter) (Vaults:5)
  16 orc priests
  Crazy Yiuf (D:3)
  4 centaur skeletons
  19 orc wizards
  A bullfrog skeleton (D:10)
  6 iguanas
  Terence (D:3)
  Natasha (thrice) (D:3)
  6 worker ants
  4 big kobold zombies (Sewer)
  3 hound zombies
  2 worker ant zombies
  A howler monkey zombie (D:8)
  12 gnolls
  12 adders
  9 shadow imps
  2 white imps
  An ufetubus (Sewer)
  An adder zombie (D:9)
  An adder skeleton (D:8)
  A worm (D:4)
  A dart slug (D:2)
  4 leopard geckos
  65 orcs
  A ball python (D:2)
  5 giant cockroaches
  2 goblins
  A hobgoblin (shapeshifter) (Vaults:3)
  10 hobgoblins
  19 jackals
  4 quokkas
  6 bats
  A frilled lizard (D:2)
  2 jackal skeletons
  29 kobolds
  A kobold zombie (Sewer)
  A quokka skeleton (D:8)
  8 rats
  A bush (Shoals:3)
  2 crawling corpses (Vaults:5)
  4 fungi
  21 plants
2458 creatures vanquished.

Vanquished Creatures (collateral kills)
  A ghost moth (Spider:3)
  An ironheart preserver (Vaults:2)
  2 entropy weavers (Spider:4)
  Nessos (D:12)
  A rakshasa (D:15)
  Sonja (D:15)
  An ironbrand convoker (Vaults:2)
  7 orb spiders
  An oklob plant (D:11)
  4 wolf spiders
  An ugly thing (D:11)
  An elephant (shapeshifter) (Depths:5)
  2 yaktaurs (Depths:5)
  A rime drake (Lair:6)
  2 komodo dragons
  3 demonic crawlers
  2 jumping spiders (Spider:4)
  A hippogriff (D:15)
  3 redbacks (Spider:4)
  7 tarantellas
  A steam dragon (Lair:6)
  A water moccasin (D:11)
  An ogre (D:11)
  A crocodile (Lair:6)
  2 plants (D:11)
49 creatures vanquished.

Vanquished Creatures (others)
  Ilsuiw (Shoals:4)
  A fire giant (Depths:4)
  2 draconian knights
  A deep elf demonologist (Elf:3)
  A black draconian (Depths:5)
  A white draconian (Zot:5)
  A dancing weapon (Elf:2)
  An ogre mage (Vaults:5)
  A shadow wraith (Vaults:2)
  A sea snake (Shoals:4)
  A deep elf archer (Vaults:5)
  An orc knight (Vaults:1)
  2 deep elf magi
  A salamander (Depths:4)
  An ice beast (D:9)
  An ogre (Vaults:4)
  An orc (Vaults:1)
  2 fungi
  32 plants
53 creatures vanquished.

Grand Total: 2560 creatures vanquished

Notes
Turn   | Place    | Note
-------+----------+-------------------------------------------
     0 | D:1      | GordonOverkill the Minotaur Warper began the quest for the Orb.
     0 | D:1      | Reached XP level 1. HP: 18/18 MP: 1/1
   473 | D:1      | Reached XP level 2. HP: 22/25 MP: 3/3
   871 | D:2      | Reached XP level 3. HP: 26/30 MP: 4/4
  1071 | D:2      | Reached XP level 4. HP: 24/37 MP: 5/5
  1619 | D:3      | Noticed turnburgler's ghost (amateur DsAK)
  1643 | D:3      | Killed turnburgler's ghost
  1643 | D:3      | Reached skill level 5 in Axes
  1643 | D:3      | Reached skill level 1 in Stealth
  1643 | D:3      | Reached XP level 5. HP: 18/45 MP: 6/6
  1828 | D:3      | Noticed Terence
  1841 | D:3      | Killed Terence
  1965 | D:3      | Noticed Natasha
  1992 | D:3      | Killed Natasha
  1992 | D:3      | Reached XP level 6. HP: 32/51 MP: 5/7
  2126 | D:3      | Noticed Natasha
  2131 | D:3      | Killed Natasha
  2194 | D:3      | Noticed Natasha
  2205 | D:3      | Killed Natasha
  2411 | D:3      | Found a runed door.
  2415 | D:3      | Noticed Crazy Yiuf
  2421 | D:3      | Killed Crazy Yiuf
  2668 | D:4      | Reached XP level 7. HP: 58/58 MP: 8/8
  2963 | D:4      | Found a burning altar of Makhleb.
  2964 | D:4      | Found an ancient bone altar of Kikubaaqudgha.
  2965 | D:4      | Found an ancient bone altar of Kikubaaqudgha.
  2967 | D:4      | Found a basalt altar of Yredelemnul.
  2967 | D:4      | Found a glowing golden altar of the Shining One.
  2967 | D:4      | Found a radiant altar of Vehumet.
  2968 | D:4      | Found a radiant altar of Vehumet.
  2968 | D:4      | Found a radiant altar of Vehumet.
  2968 | D:4      | Found a deep blue altar of Sif Muna.
  2969 | D:4      | Found a glowing golden altar of the Shining One.
  2969 | D:4      | Found a shimmering altar of Xom.
  2969 | D:4      | Found a shimmering altar of Xom.
  2970 | D:4      | Found an opulent altar of Gozag.
  2970 | D:4      | Found a deep blue altar of Sif Muna.
  2971 | D:4      | Found an opulent altar of Gozag.
  2971 | D:4      | Found a deep blue altar of Sif Muna.
  2981 | D:4      | Became a worshipper of Makhleb the Destroyer
  2985 | D:4      | Found a staircase to the Ecumenical Temple.
  2990 | D:4      | Noticed Sigmund
  3001 | D:4      | Killed Sigmund
  3019 | D:4      | Reached skill level 1 in Invocations
  3026 | D:4      | Noticed Grinder
  3031 | D:4      | Paralysed by Grinder for 6 turns
  3041 | D:4      | Killed Grinder
  3041 | D:4      | Reached skill level 5 in Armour
  3052 | D:4      | Reached XP level 8. HP: 49/66 MP: 7/9
  3465 | D:5      | Entered Level 5 of the Dungeon
  3829 | D:5      | Reached skill level 10 in Axes
  4217 | D:5      | Reached * piety under Makhleb
  4704 | D:6      | Found a glowing drain.
  4732 | Sewer    | Entered a sewer
  4937 | Sewer    | Found a burning altar of Makhleb.
  4950 | Sewer    | Reached XP level 9. HP: 73/73 MP: 8/10
  5008 | Sewer    | Reached ** piety under Makhleb
  5298 | D:6      | Reached skill level 5 in Fighting
  5401 | D:6      | Noticed Prince Ribbit
  5754 | D:6      | Killed Prince Ribbit
  5972 | D:6      | Found a sparkling altar of Nemelex Xobeh.
  6043 | D:7      | Noticed Duvessa
  6043 | D:7      | Noticed Dowan
  6057 | D:7      | Killed Duvessa
  6057 | D:7      | Killed Dowan
  7756 | D:8      | Noticed Joseph
  7770 | D:8      | Killed Joseph
  7770 | D:8      | Reached XP level 10. HP: 73/83 MP: 10/12
  7847 | D:8      | Reached *** piety under Makhleb
  8367 | D:8      | Noticed Pikel
  8392 | D:8      | Killed Pikel
  8392 | D:8      | Reached skill level 5 in Invocations
  8474 | D:8      | Reached **** piety under Makhleb
  8705 | D:9      | Found Komoxupt's Antique Weapon Emporium.
  8767 | D:9      | Found Viohait's Armour Boutique.
  8790 | D:9      | Bought the +0 buckler "Linucso" {*Contam MR+ Slay+4} for 367 gold pieces
  8807 | D:9      | Reached skill level 1 in Shields
  8857 | D:9      | Found Eme Isku's Book Shoppe.
  9087 | D:9      | Noticed Erolcha
  9112 | D:9      | Killed Erolcha
  9112 | D:9      | Reached skill level 5 in Shields
  9316 | D:9      | Found Jenont's Distillery.
  9335 | D:9      | Bought a potion of haste for 130 gold pieces
  9335 | D:9      | Bought a potion of heal wounds for 65 gold pieces
  9335 | D:9      | Bought a potion of heal wounds for 65 gold pieces
  9335 | D:9      | Bought a potion of brilliance for 52 gold pieces
  9397 | D:10     | Entered Level 10 of the Dungeon
  9435 | D:10     | Reached XP level 11. HP: 79/92 MP: 10/13
  9839 | D:10     | Noticed a hill giant
  9855 | D:10     | Killed a hill giant
 10377 | D:11     | Noticed an oklob plant
 10378 | D:11     | Noticed an oklob plant
 10380 | D:11     | Found a staircase to the Lair.
 10473 | D:11     | Reached ***** piety under Makhleb
 10651 | D:11     | Noticed a white ugly thing
 11010 | D:11     | Killed a white ugly thing
 11397 | D:11     | Killed an oklob plant
 11545 | D:11     | Killed an oklob plant
 11668 | Lair:1   | Entered Level 1 of the Lair of Beasts
 11973 | D:9      | Bought a +0 cloak of poison resistance for 110 gold pieces
 12394 | Lair:1   | Learned a level 2 spell: Blink
 12398 | Lair:1   | Gained mutation: Your flesh is cold resistant. (rC+) [potion of mutation]
 12398 | Lair:1   | Lost mutation: Your flesh is cold resistant. (rC+) [potion of mutation]
 12398 | Lair:1   | Gained mutation: You tend to lose your temper in combat. [potion of mutation]
 12399 | Lair:1   | Lost mutation: You tend to lose your temper in combat. [potion of cure mutation]
 12400 | Lair:1   | Gained mutation: You are covered in fur. (AC +1) [potion of mutation]
 12400 | Lair:1   | Gained mutation: You are partially covered in yellow scales. (AC +2) [potion of mutation]
 12478 | Lair:1   | Reached skill level 15 in Axes
 12576 | Lair:1   | Noticed a seven-headed hydra
 12580 | Lair:1   | Killed a five-headed hydra
 12723 | Lair:1   | Learned a level 1 spell: Animate Skeleton
 12910 | Lair:2   | Reached XP level 12. HP: 91/103 MP: 10/15
 13763 | Lair:3   | Identified the Compendium of Moulding
 13768 | Lair:3   | Learned a level 2 spell: Passwall
 13814 | Lair:3   | Noticed an eight-headed hydra
 13825 | Lair:3   | Killed a two-headed hydra
 13934 | Lair:3   | Noticed Urug
 13945 | Lair:3   | Killed Urug
 14009 | Lair:3   | Noticed a four-headed hydra
 14016 | Lair:3   | Killed a one-headed hydra
 14016 | Lair:3   | Reached skill level 10 in Armour
 14116 | Lair:3   | Found a staircase to the Shoals.
 14673 | Lair:4   | Noticed a seven-headed hydra
 14679 | Lair:4   | Killed a five-headed hydra
 14737 | Lair:4   | Noticed a death yak
 14738 | Lair:4   | Noticed a death yak
 14738 | Lair:4   | Noticed a death yak
 14753 | Lair:4   | Killed a death yak
 14753 | Lair:4   | Reached skill level 10 in Fighting
 14761 | Lair:4   | Killed a death yak
 14771 | Lair:4   | Killed a death yak
 14785 | Lair:4   | Noticed Chifra's ghost (journeyman DsFi)
 14818 | Lair:4   | Killed Chifra's ghost
 14958 | Lair:4   | Reached XP level 13. HP: 112/113 MP: 18/18
 15492 | Lair:4   | Found a hole to the Spider Nest.
 15739 | Lair:5   | Found a viscous altar of Jiyva.
 15739 | Lair:5   | Found a staircase to the Slime Pits.
 16284 | Lair:6   | Entered Level 6 of the Lair of Beasts
 16557 | Lair:6   | Found a deep blue altar of Sif Muna.
 16656 | Lair:6   | Found a runed door.
 16744 | Lair:6   | Noticed a fire dragon
 16751 | Lair:6   | Killed a fire dragon
 17265 | Lair:6   | Reached ****** piety under Makhleb
 17357 | Lair:6   | Noticed a fire dragon
 17390 | Lair:6   | Noticed a green death
 17726 | Lair:6   | Killed a fire dragon
 17905 | Lair:1   | Reached skill level 5 in Dodging
 17962 | D:12     | Noticed Nessos
 17987 | D:12     | Killed Nessos
 18127 | D:12     | Reached XP level 14. HP: 125/125 MP: 20/20
 18244 | D:12     | Got a shimmering iron amulet
 18407 | D:12     | Identified the amulet "Goqoeth" {RegenMP *Contam Int+3 SInv} (You found it on level 12 of the Dungeon)
 18610 | D:12     | Found a staircase to the Orcish Mines.
 18683 | D:13     | Found a bloodstained altar of Trog.
 19154 | D:13     | Reached skill level 10 in Invocations
 19961 | D:14     | Gained mutation: Your flesh is heat resistant. (rF+) [potion of mutation]
 19961 | D:14     | Gained mutation: You have an increased reservoir of magic. (+10% MP) [potion of mutation]
 19961 | D:14     | Gained mutation: You can translocate small distances at will. [potion of mutation]
 20270 | D:14     | Found a gate to the Vaults.
 20436 | D:15     | Entered Level 15 of the Dungeon
 20493 | D:15     | Noticed a fire giant
 20493 | D:15     | Found a staircase to the Depths.
 20600 | D:15     | Killed a fire giant
 20719 | D:15     | Noticed Sonja
 20730 | D:15     | Killed Sonja
 20852 | D:15     | Found Delan's Antique Weapon Emporium.
 21465 | D:15     | Reached XP level 15. HP: 107/135 MP: 24/24
 22079 | Orc:1    | Entered Level 1 of the Orcish Mines
 22242 | Orc:1    | Found a burning altar of Makhleb.
 22392 | Orc:2    | Entered Level 2 of the Orcish Mines
 22449 | Orc:2    | Noticed Rupert
 22465 | Orc:1    | Killed Rupert
 22849 | Orc:2    | Found a staircase to the Elven Halls.
 22977 | Orc:1    | Noticed an orc warlord
 23551 | Orc:2    | Found Ifimne's Distillery.
 23817 | Orc:2    | Found Licaink's Food Emporium.
 23837 | Orc:2    | Bought a potion of haste for 120 gold pieces
 23837 | Orc:2    | Bought a potion of might for 48 gold pieces
 23839 | Orc:2    | Found Kumam's Weapon Emporium.
 23841 | Orc:2    | Found Himiud's Jewellery Boutique.
 23859 | Orc:2    | Bought the ring "Koso" {rF+ SInv} for 290 gold pieces
 24167 | Orc:1    | Killed an orc warlord
 24499 | Spider:1 | Entered Level 1 of the Spider Nest
 26436 | Spider:3 | Reached XP level 16. HP: 96/147 MP: 13/26
 27050 | Spider:4 | Entered Level 4 of the Spider Nest
 27242 | Spider:4 | Reached skill level 10 in Dodging
 27739 | Spider:4 | Reached skill level 15 in Fighting
 29514 | Spider:4 | Got a gossamer rune of Zot
 29950 | Vaults:1 | Entered Level 1 of the Vaults
 30117 | Vaults:1 | Reached XP level 17. HP: 132/158 MP: 15/27
 30226 | Vaults:1 | Found Etroxol's Assorted Antiques.
 30422 | Vaults:1 | Noticed a lich
 30443 | Vaults:1 | Killed a lich
 31306 | Vaults:1 | Found Qis Xeh's Armour Boutique.
 31318 | Vaults:1 | Bought a +1 plate armour of cold resistance for 700 gold pieces
 31318 | Vaults:1 | Bought a +0 pair of gloves of dexterity for 230 gold pieces
 31908 | Vaults:2 | Noticed a tentacled monstrosity
 31925 | Vaults:2 | Killed a tentacled monstrosity
 32459 | Vaults:2 | Reached skill level 15 in Armour
 32589 | Vaults:2 | Reached XP level 18. HP: 173/173 MP: 28/28
 33083 | Vaults:2 | Found a staircase to the Crypt.
 34332 | Vaults:3 | Found Bethudde's Book Shop.
 35664 | Vaults:4 | Reached XP level 19. HP: 187/187 MP: 29/29
 36724 | Depths:1 | Entered Level 1 of the Depths
 37100 | Depths:1 | Found Nymesmiu's Jewellery Shoppe.
 37110 | Depths:1 | Found Reuseppi's Gadget Shop.
 37111 | Depths:1 | Found Waofuo's Jewellery Shoppe.
 37325 | Depths:1 | Noticed Whitewater's ghost (journeyman MiBe)
 37365 | Depths:1 | Killed Whitewater's ghost
 37680 | Depths:1 | Paralysed by a floating eye for 4 turns
 37706 | Depths:1 | Found a shimmering altar of Xom.
 37708 | Depths:1 | Found a blossoming altar of Fedhas.
 37708 | Depths:1 | Found a burning altar of Makhleb.
 37710 | Depths:1 | Found a glowing golden altar of the Shining One.
 37710 | Depths:1 | Found a sacrificial altar of Ru.
 37710 | Depths:1 | Found a glowing silver altar of Zin.
 37742 | Depths:1 | Found a gateway to Hell.
 37964 | Depths:2 | Paralysed by a floating eye for 4 turns
 38112 | Depths:2 | Reached XP level 20. HP: 206/206 MP: 25/30
 38395 | Depths:2 | Found a one-way gate to the infinite horrors of the Abyss.
 38947 | Depths:2 | Found a shimmering altar of Xom.
 39508 | Depths:3 | Found Viumei Veewk's Antique Weapon Shop.
 39556 | Depths:3 | Found a gateway to a ziggurat.
 39789 | Depths:3 | Gained mutation: Your body sometimes deteriorates upon taking damage. [a neqoxec]
 39794 | Depths:3 | Found a one-way gate leading to the halls of Pandemonium.
 39885 | Depths:3 | Found Joptaig's Magic Scroll Shoppe.
 39887 | Depths:3 | Found Geuv Bad's Assorted Antiques.
 39916 | Depths:3 | Bought a scroll of enchant weapon for 105 gold pieces
 39969 | Depths:3 | Found Zoxteh's Distillery.
 39978 | Depths:3 | Bought a pair of glowing boots for 283 gold pieces
 40013 | Depths:3 | Bought a potion of cancellation for 88 gold pieces
 40013 | Depths:3 | Bought a potion of cancellation for 88 gold pieces
 40013 | Depths:3 | Bought a potion of resistance for 110 gold pieces
 40013 | Depths:3 | Bought a potion of resistance for 110 gold pieces
 40013 | Depths:3 | Bought a potion of haste for 110 gold pieces
 40013 | Depths:3 | Bought a potion of might for 44 gold pieces
 40093 | Depths:3 | Found Adomnoes's Gadget Emporium.
 40099 | Depths:3 | Bought a wand of heal wounds (4/9) for 960 gold pieces
 41018 | Depths:4 | Got an ivory executioner's axe
 41019 | Depths:4 | Identified the +9 executioner's axe of Fortitude {drain, +Fly rC+ rN+} (You found it on level 4 of the Depths)
 41085 | Depths:4 | Got a pair of crude boots
 41096 | Depths:4 | Identified the +1 pair of boots of Pudaz {Regen+ Dex+2} (You found it on level 4 of the Depths)
 41140 | Depths:4 | Found an iron altar of Okawaru.
 41165 | Depths:4 | Got a faintly glowing cloak
 41176 | Depths:4 | Identified the +2 cloak of Dyspraxia {+Fly} (You found it on level 4 of the Depths)
 41177 | Depths:4 | Got a pair of faintly humming gloves
 41188 | Depths:4 | Identified the +1 pair of gloves "Huis" {+Inv rC+} (You found it on level 4 of the Depths)
 41199 | Depths:4 | Got an ichor-stained executioner's axe
 41200 | Depths:4 | Identified the +4 executioner's axe "Worm" {antimagic, Str+4} (You found it on level 4 of the Depths)
 41241 | Depths:4 | Reached skill level 1 in Evocations
 41250 | Depths:4 | Reached XP level 21. HP: 222/222 MP: 24/32
 41582 | Depths:4 | Paralysed by a floating eye for 3 turns
 41623 | Depths:4 | Reached skill level 5 in Evocations
 41907 | Depths:4 | Found a radiant altar of Vehumet.
 41924 | Depths:4 | Lost mutation: You can translocate small distances at will. [potion of cure mutation]
 41924 | Depths:4 | Lost mutation: Your body sometimes deteriorates upon taking damage. [potion of cure mutation]
 41924 | Depths:4 | Lost mutation: Your flesh is heat resistant. (rF+) [potion of cure mutation]
 41924 | Depths:4 | Lost mutation: You are covered in fur. (AC +1) [potion of cure mutation]
 41924 | Depths:4 | Lost mutation: You are partially covered in yellow scales. (AC +2) [potion of cure mutation]
 41926 | Depths:4 | Gained mutation: You are occasionally teleported next to monsters. [potion of mutation]
 41927 | Depths:4 | Lost mutation: You have an increased reservoir of magic. (+10% MP) [potion of cure mutation]
 41927 | Depths:4 | Lost mutation: You are occasionally teleported next to monsters. [potion of cure mutation]
 42004 | Depths:4 | Reached skill level 27 in Fighting
 42359 | Depths:5 | Entered Level 5 of the Depths
 42728 | Depths:5 | Noticed a golden dragon
 42988 | Depths:5 | Noticed a golden dragon
 43007 | Depths:5 | Killed a golden dragon
 43094 | Depths:5 | Reached XP level 22. HP: 218/233 MP: 23/30
 43191 | Depths:5 | Noticed an ancient lich
 43208 | Depths:5 | Killed an ancient lich
 43594 | Depths:5 | Reached skill level 10 in Evocations
 43625 | Depths:5 | Found a runed door.
 43625 | Depths:5 | Found a runed door.
 43655 | Depths:5 | Found a runed door.
 43707 | Depths:5 | Found a runed door.
 43720 | Depths:5 | Found a runed door.
 43724 | Depths:5 | Found a runed door.
 43916 | Depths:5 | Killed a golden dragon
 43931 | Depths:5 | Found a gate to the Realm of Zot.
 44610 | Hell     | Entered the Vestibule of Hell
 44610 | Hell     | Noticed Geryon
 45078 | Elf:1    | Entered Level 1 of the Elven Halls
 46115 | Elf:2    | Found Falenythua's Food Boutique.
 46315 | Elf:2    | Reached skill level 15 in Dodging
 46704 | Elf:2    | Found a huge runed gate.
 46704 | Elf:2    | Found a huge runed gate.
 46704 | Elf:2    | Found a huge runed gate.
 46704 | Elf:2    | Found a huge runed gate.
 46709 | Elf:2    | Found a huge runed gate.
 47032 | Elf:2    | Reached XP level 23. HP: 240/240 MP: 9/31
 47239 | Elf:3    | Entered Level 3 of the Elven Halls
 47239 | Elf:3    | Found Sairgh's Book Shoppe.
 47240 | Elf:3    | Found a deep blue altar of Sif Muna.
 47393 | Elf:3    | HP: 2/240 [deep elf death mage/bolt of negative energy (24)]
 48530 | Elf:3    | Got a shimmering lapis lazuli ring
 48538 | Elf:3    | Identified the ring "Rasoosch" {Wiz rF+++ Str-3} (You found it on level 3 of the Elven Halls)
 48676 | Elf:3    | Got a warped cloak
 48687 | Elf:3    | Identified the +1 cloak "Togadaz" {rElec MR- Int+3} (You found it on level 3 of the Elven Halls)
 48701 | Elf:3    | Got a transparent chain mail
 48712 | Elf:3    | Identified the +8 chain mail "Biys Qyitau" {rN+ Dex+3 Slay+3} (You found it on level 3 of the Elven Halls)
 48887 | Elf:3    | Found a portal to a secret trove of treasure.
 49123 | D:9      | Bought a book of Dreams for 1125 gold pieces
 49669 | Elf:3    | You paid a toll of a book of Dreams to enter a treasure trove
 49670 | Trove    | Entered a treasure trove
 50003 | Shoals:1 | Entered Level 1 of the Shoals
 50044 | Shoals:1 | Noticed Roxanne
 50061 | Shoals:1 | Killed Roxanne
 51464 | Shoals:3 | Noticed Nikola
 51473 | Shoals:3 | Killed Nikola
 51564 | Shoals:3 | Noticed Kirke
 51575 | Shoals:3 | Killed Kirke
 51811 | Shoals:3 | Reached skill level 15 in Evocations
 51876 | Shoals:4 | Entered Level 4 of the Shoals
 52019 | Shoals:4 | Got a barnacled rune of Zot
 52072 | Shoals:4 | Identified Ahuateof's Incunabulum of Execration and Summoning
 52262 | Shoals:4 | Noticed Ilsuiw
 52281 | Shoals:4 | Killed Ilsuiw
 52281 | Shoals:4 | Reached XP level 24. HP: 213/249 MP: 21/33
 52509 | Shoals:4 | Noticed Polyphemus
 52543 | Shoals:4 | Killed Polyphemus
 53184 | Vaults:5 | Entered Level 5 of the Vaults
 54068 | Vaults:5 | Reached XP level 25. HP: 257/257 MP: 25/34
 54582 | Vaults:5 | Noticed an ancient lich
 54591 | Vaults:5 | Killed an ancient lich
 55153 | Vaults:5 | Got a silver rune of Zot
 55609 | Zot:1    | Entered Level 1 of the Realm of Zot
 55811 | Zot:1    | Gained mutation: Your magical capacity is low. (-10% MP) [a cacodemon]
 55914 | Zot:1    | Noticed Tiamat
 56333 | Zot:1    | Killed Tiamat
 57008 | Zot:2    | Reached XP level 26. HP: 266/266 MP: 30/30
 57469 | Zot:2    | Identified a scroll of acquirement
 57613 | Zot:2    | Got a bound jade ring
 57677 | Zot:2    | Identified the ring "Fesoap" {rC++ Dex-4 Stlth-} (You found it on level 2 of the Realm of Zot)
 58102 | Zot:3    | Reached skill level 27 in Armour
 58167 | Zot:3    | Noticed raetorn's ghost (veteran DDFi)
 58203 | Zot:3    | Killed raetorn's ghost
 59585 | Zot:4    | Reached XP level 27. HP: 273/273 MP: 30/30
 59768 | Zot:5    | Entered Level 5 of the Realm of Zot
 60132 | Zot:5    | Noticed Azzok's ghost (legendary CeFi)
 60164 | Zot:5    | Killed Azzok's ghost
 60368 | Zot:5    | Gained mutation: You expend magic power (3 MP) to strengthen your wands. [a neqoxec]
 60377 | Zot:5    | Gained mutation: You are agile. (Dex +2) [a neqoxec]
 60380 | Zot:5    | Noticed an orb of fire
 60390 | Zot:5    | HP: 4/273 [deathcap/drain life[a curse toe] (17)]
 60403 | Zot:5    | Gained mutation: Potions and wands are less effective at restoring your health. [an orb of fire]
 60414 | Zot:5    | Killed an orb of fire
 60499 | Zot:5    | Lost mutation: You are agile. (Dex +2) [potion of cure mutation]
 60499 | Zot:5    | Lost mutation: Potions and wands are less effective at restoring your health. [potion of cure mutation]
 60499 | Zot:5    | Lost mutation: Your magical capacity is low. (-10% MP) [potion of cure mutation]
 60499 | Zot:5    | Lost mutation: You expend magic power (3 MP) to strengthen your wands. [potion of cure mutation]
 60565 | Zot:5    | Noticed an orb of fire
 60573 | Zot:5    | Noticed an orb of fire
 60578 | Zot:5    | Gained mutation: Your magical capacity is low. (-10% MP) [an orb of fire]
 60600 | Zot:5    | Killed an orb of fire
 60639 | Zot:5    | Gained mutation: You are dopey. (Int -2) [an orb of fire]
 60647 | Zot:5    | Gained mutation: You tend to lose your temper in combat. [an orb of fire]
 60659 | Zot:5    | Killed an orb of fire
 60666 | Zot:5    | Lost mutation: You tend to lose your temper in combat. [potion of cure mutation]
 60666 | Zot:5    | Lost mutation: Your magical capacity is low. (-10% MP) [potion of cure mutation]
 60666 | Zot:5    | Lost mutation: You are dopey. (Int -2) [potion of cure mutation]
 60797 | Zot:5    | Got the Orb of Zot
 60840 | Zot:5    | Noticed Hesch the pandemonium lord
 60850 | Zot:5    | Cast into level 4 of the Abyss (Hesch)
 60904 | Abyss:4  | Paralysed by accursed screaming for 1 turns
 60910 | Abyss:4  | Paralysed by accursed screaming for 1 turns
 60966 | Abyss:4  | Found a corrupted altar of Lugonu.
 61097 | Zot:5    | Escaped the Abyss
 61144 | Zot:5    | Noticed an orb of fire
 61159 | Zot:5    | Killed an orb of fire
 61326 | Zot:1    | Noticed Tanlic the pandemonium lord
 61345 | Zot:1    | Killed Tanlic the pandemonium lord
 61416 | Depths:4 | Gained mutation: Potions and wands are less effective at restoring your health. [a neqoxec]
 61871 | D:2      | Noticed Keppaun the pandemonium lord
 61889 | D:2      | Killed Keppaun the pandemonium lord
 61996 | D:$      | Escaped with the Orb!

Skill      XL: |  1  2  3  4  5  6  7  8  9 10 11 12 13 14 15 16 17 18 19 20 21 22 23 24 25 26 27 |
---------------+----------------------------------------------------------------------------------+-----
Axes           | 3 4 5 6 7 9 11 12 14 15 16 18 19 20 22 | 22.0
Armour         | 2 3 4 5 6 7 8 9 10 11 12 15 17 21 25 27 | 27.0
Fighting       | 3 4 6 7 8 10 11 13 14 16 18 20 23 26 27 | 27.0
Stealth        | 1 |  1.0
Invocations    | 1 2 4 5 6 8 9 10 11 12 | 12.0
Shields        | 7 9 |  9.0
Dodging        | 5 7 9 10 12 15 17 20 24 | 24.8
Evocations     | 1 8 12 15 16 | 16.2
Throwing       | |  1.0
Spellcasting   | |  1.3
Translocations | |  2.1

Action                   |  1- 3 |  4- 6 |  7- 9 | 10-12 | 13-15 | 16-18 | 19-21 | 22-24 | 25-27 || total
-------------------------+-------+-------+-------+-------+-------+-------+-------+-------+-------++-------
Melee: Hand axe          |    59 |   129 |       |    18 |    42 |       |       |       |       ||   248
       Headbutt          |     5 |    26 |    71 |   146 |   265 |   354 |   420 |   462 |   471 ||  2220
       War axe           |       |    15 |   457 |   118 |       |       |       |       |       ||   590
       Broad axe         |       |       |       |   483 |  1290 |  1351 |  1380 |  1621 |  1611 ||  7736
Invok: Lesser Servant of |       |       |       |     7 |     3 |     1 |     1 |     2 |       ||    14
       Greater Servant o |       |       |       |       |     6 |     9 |     1 |       |     3 ||    19
       Major Destruction |       |       |       |       |     1 |     3 |       |       |       ||     4
       Minor Destruction |       |       |       |       |     1 |       |       |       |       ||     1
 Abil: Blink             |       |       |       |       |     1 |       |       |       |       ||     1
       Evoke Flight      |       |       |       |       |       |       |       |    14 |       ||    14
Evoke: Wand              |       |       |     1 |    10 |       |     2 |     3 |     3 |     7 ||    26
  Use: Potion            |     2 |       |       |     5 |     8 |    13 |     8 |     5 |    21 ||    62
       Scroll            |       |     7 |    11 |     7 |    14 |    18 |    16 |     7 |    26 ||   106
 Stab: Paralysed         |       |       |       |     4 |       |       |     1 |       |       ||     5
       Distracted        |       |       |       |     1 |     4 |       |     1 |     1 |       ||     7
       Invisible         |       |       |       |       |       |     1 |       |       |       ||     1
       Petrified         |       |       |       |       |       |       |       |     3 |       ||     3
  Eat: Chunk             |       |     6 |    16 |    21 |    35 |     9 |    18 |    10 |     1 ||   116
       Pizza             |       |       |       |     2 |     2 |       |     1 |       |     3 ||     8
       Royal jelly       |       |       |       |       |     1 |     7 |       |     1 |       ||     9
       Beef jerky        |       |       |       |       |     5 |     3 |       |     1 |     1 ||    10
       Fruit             |       |       |       |       |       |       |    10 |    30 |     6 ||    46
       Meat ration       |       |       |       |       |       |       |       |       |     5 ||     5
Armor: Ring mail         |    22 |    16 |       |       |       |       |       |       |       ||    38
       Leather armour    |     1 |       |       |       |       |       |       |       |       ||     1
       Scale mail        |       |    32 |   179 |       |       |       |       |       |       ||   211
       Plate armour      |       |       |    70 |   351 |   813 |   693 |   809 |   375 |       ||  3111
       Chain mail        |       |       |       |       |       |    22 |       |   393 |    13 ||   428
       Gold dragon scale |       |       |       |       |       |       |       |       |   920 ||   920
Dodge: Dodged            |    46 |    70 |   170 |   170 |   461 |   524 |   609 |  1065 |   991 ||  4106
Block: Buckler           |       |       |       |    99 |   324 |   322 |   382 |   408 |   361 ||  1896
